 Dungeon Crawl Stone Soup version 0.24-a0-464-g6b2be6b8c7 (webtiles) character file.

Game seed: 2315278593125489252

58 Ijustatesigmund the Skirmisher (level 4, 0/48 HPs)
             Began as an Ogre Fighter on July 3, 2019.
             Slain by an orc
             ... wielding a +1 dagger of speed
              (1 damage)
             ... on level 3 of the Dungeon.
             The game lasted 00:03:29 (1232 turns).

Ijustatesigmund the Skirmisher (Ogre Fighter)       Turns: 1232, Time: 00:03:29

Health: 0/48       AC:  5    Str: 25    XL:     4   Next: 1%
Magic:  4/4        EV:  8    Int:  9    God:
Gold:   21         SH:  8    Dex:  9    Spells: 3/3 levels left

rFire    . . .     SeeInvis .   a - +5 whip
rCold    + . .     Gourm    .   c - +0 shield
rNeg     . . .     Faith    .   b - +2 robe {rC+}
rPois    +         Spirit   .   (helmet restricted)
rElec    .         Reflect  .   (no cloak)
rCorr    .         Harm     .   (gloves unavailable)
MR       .....     Rnd*Tele +   (boots unavailable)
Stlth    +.........             (no amulet)
HPRegen  0.16/turn              g - ring of teleportation (curse)
MPRegen  0.09/turn              i - ring of poison resistance

@: mighty, lethally poisoned (0 -> -2)
A: large, unfitting armour, tough skin 1
a: no special abilities


You were on level 3 of the Dungeon.
You were not hungry.

You visited 1 branch of the dungeon, and saw 3 of its levels.

You collected 21 gold pieces.

Inventory:

Hand Weapons
 a - a +5 whip (weapon)
Missiles
 j - 14 poisoned darts (quivered)
Armour
 b - a +2 robe of cold resistance (worn)
 c - a +0 shield (worn)
Jewellery
 g - a cursed ring of teleportation (left hand)
 i - a ring of poison resistance (right hand)
Potions
 e - a potion of resistance
Comestibles
 f - 2 rations
 k - 3 chunks of flesh


   Skills:
 + Level 4.2 Fighting
 + Level 3.6 Maces & Flails
 - Level 2.6 Dodging
 - Level 2.6 Shields


You had 3 spell levels left.
You didn't know any spells.
Your spell library was empty.

Dungeon Overview and Level Annotations

Branches:
Dungeon (3/15)

Altars:


Innate Abilities, Weirdness & Mutations

You are too large for most types of armour.
You have tough skin. (AC +1)


Message History

You feel sick. The orc hits you but does no damage.
The kobold hits you with a +1 flail of venom.
* * * LOW HITPOINT WARNING * * *
You closely miss the kobold.
The kobold is heavily wounded.
The orc hits you but does no damage.
You whack the kobold!
You kill the kobold!
You have reached level 4!
You feel sick. The orc hits you but does no damage. x2
You closely miss the orc. The orc barely misses you.
The orc hits you with a +1 dagger of speed.
* * * LOW HITPOINT WARNING * * *
You barely miss the orc.
* * * LOW HITPOINT WARNING * * *
You feel sick. The orc hits you but does no damage. You block the orc's attack.
You hit the orc.
The orc is moderately wounded.
The orc hits you with a +1 dagger of speed.
You die...

####>.
#.....
#.....
#.....
#.....
#.....
##....o###
.......@.#
########o#
# #(#.#
#.#.#
##.#.###
#......#
#......###
#.........
#.........


You could see 2 orcs.

Vanquished Creatures
  A gnoll (D:1)
  A worm (D:3)
  4 dart slugs (D:1)
  A leopard gecko (D:1)
  A giant cockroach (D:1)
  6 goblins
  2 hobgoblins (D:1)
  8 kobolds
  A quokka (D:3)
  A ball python (D:3)
  6 bats
  A frilled lizard (D:1)
  4 rats
37 creatures vanquished.

Notes
Turn   | Place    | Note
-------+----------+-------------------------------------------
     0 | D:1      | Ijustatesigmund the Ogre Fighter began the quest for the
                  | Orb.
     0 | D:1      | Reached XP level 1. HP: 24/24 MP: 1/1
    95 | D:1      | Reached XP level 2. HP: 29/32 MP: 2/2
   178 | D:1      | Reached XP level 3. HP: 29/39 MP: 3/3
  1229 | D:3      | Reached XP level 4. HP: 6/48 MP: 4/4
  1230 | D:3      | HP: 2/48 [orc/+1 dagger of speed (3)]
  1232 | D:3      | Slain by an orc

Levels and vault maps discovered:
D:1:      beargit_arrival_greenhouse, layout_basic
D:2:      layout_basic, lemuel_crystal_altar
D:3:      kennysheep_goblin_castle, layout_basic,
          nicolae_ru_the_path_less_chosen, first_ration

Skill      XL: |  1  2 |
---------------+-------+-----
Maces & Flails | 2 3 |  3.6
Fighting       | |  4.2
Dodging        | |  2.6
Shields        | |  2.6

Action                   |  1- 3 |  4- 6 || total
-------------------------+-------+-------++-------
Melee: Flail             |    82 |       ||    82
       Whip              |    40 |     3 ||    43
Throw: Dart              |     1 |       ||     1
  Use: Scroll            |     5 |       ||     5
       Potion            |     1 |       ||     1
 Stab: Sleeping          |     1 |       ||     1
  Eat: Chunk             |     1 |       ||     1
Armor: Robe              |    44 |     3 ||    47
Dodge: Dodged            |    38 |     1 ||    39
Block: Shield            |    53 |     1 ||    54

Table legend:
 A = Non-vault XP
 B = Vault XP
 C = Vault XP percentage of total XP
 D = Non-vault monster count
 E = Vault monster count
 F = Vault count percentage of total count
                 A         B        C        D         E       F
            +---------+---------+-------+---------+---------+-------
      Total |      83 |       0 |   0.0 |      37 |       0 |   0.0
            +---------+---------+-------+---------+---------+-------
        D:1 |      61 |       0 |   0.0 |      25 |       0 |   0.0
        D:2 |       8 |       0 |   0.0 |       6 |       0 |   0.0
        D:3 |      14 |       0 |   0.0 |       6 |       0 |   0.0
            +---------+---------+-------+---------+---------+-------
